 Dungeon Sprint DCSS version 0.20.1-1-g8b1a95d (webtiles) character file.

279 AlanWithTea the Grappler (level 6, -3/88 HPs)
             Began as a Troll Monk on Nov 17, 2017.
             Slain by Sonja
             ... wielding a +1 short sword of venom
              (9 damage)
             ... in the Dungeon (Sprint I: "Red Sonja").
             The game lasted 00:01:11 (87 turns).

AlanWithTea the Grappler (Troll Monk)                 Turns: 87, Time: 00:01:11

Health: -3/88      AC:  5    Str: 26    XL:     6   Next: 5%
Magic:  5/5        EV: 14    Int:  6    God:
Gold:   125        SH:  0    Dex: 13    Spells: 5/5 levels left

rFire    . . .     SeeInvis .     - Unarmed
rCold    . . .     Gourm    +   (no shield)
rNeg     . . .     Faith    .   a - +0 robe
rPois    .         Spirit   .   (helmet restricted)
rElec    .         Reflect  .   (no cloak)
rCorr    .         Harm     .   (gloves unavailable)
MR       .....     NoTele   +   (boots unavailable)
Stlth    ..........             (no amulet)
Regen    0.7/turn               (no ring)
MPRegen  0.1/turn               (no ring)

@: berserking (expiring), lethally poisoned (-3 -> -33), slowed
A: unfitting armour, claws 3, fast metabolism 3, gourmand, regeneration 1,
shaggy fur 1, tough skin 2
a: no special abilities


You were in the Dungeon.
You were not hungry.

You visited 1 branch You collected 125 gold pieces.

Inventory:

Armour
 a - a +0 robe (worn)
Scrolls
 e - a scroll of vulnerability {unknown}
 h - a scroll of blinking
Potions
 d - a potion of heal wounds
 f - 2 potions of magic
Comestibles
 b - 2 bread rations
 i - a chunk of flesh


   Skills:
 - Level 2.4 Fighting
 + Level 7.4 Dodging
 - Level 1.0 Stealth
 + Level 10.0 Unarmed Combat


You had 5 spell levels left.
You didn't know any spells.

Dungeon Overview and Level Annotations

Branches:
Dungeon (1/1)

Altars:
Sif Muna
Vehumet

Annotations:
D Sonja


Innate Abilities, Weirdness & Mutations

You are too large for most types of armour.
You have claws for hands.
Your metabolism is lightning-fast.
You like to eat raw meat.
Your natural rate of healing is unusually fast.
You are covered in fur. (AC +1)
You have very tough skin. (AC +2)


Message History

You feel a strong urge to attack something.
* * * LOW HITPOINT WARNING * * *
You feel very sick.
You completely miss Sonja.
* * * LOW HITPOINT WARNING * * *
You feel very sick.
Sonja unwields an uncursed enchanted blowgun.
Sonja wields an uncursed short sword of venom.
It begins to drip with poison!
Sonja hits you with an uncursed short sword of venom.
* * * LOW HITPOINT WARNING * * *
You are more poisoned.
Sonja hits you with an uncursed short sword of venom.
* * * LOW HITPOINT WARNING * * *
Sonja barely misses you.
You completely miss Sonja. Your claw misses Sonja.
* * * LOW HITPOINT WARNING * * *
You feel very sick.
Sonja hits you with an uncursed short sword of venom!
You die...

#..').#..'..#..+
#..#####+#####'#
#..# #.# #..#
##.# #..# #+#..+
#⌠⌠# +..._# ####
#_(#+# ##K#
##@##


+$($+ #$.(# ##.## #+# You could see Sonja.

Vanquished Creatures
  Sigmund (D)
  An ogre (D)
  A jelly (D)
  Ijyb (D)
4 creatures vanquished.

Notes
Turn   | Place    | Note
-------+----------+-------------------------------------------
     0 | D        | AlanWithTea the Troll Monk began the quest for the Orb.
     0 | D        | Reached XP level 1. HP: 22/22 MP: 0/0
     2 | D        | Noticed Ijyb
    19 | D        | Killed Ijyb
    19 | D        | Reached skill level 5 in Unarmed Combat
    19 | D        | Reached XP level 2. HP: 27/29 MP: 1/1
    25 | D        | Noticed an ogre
    31 | D        | Killed an ogre
    31 | D        | Reached skill level 5 in Dodging
    31 | D        | Reached skill level 7 in Unarmed Combat
    31 | D        | Reached XP level 3. HP: 36/36 MP: 2/2
    31 | D        | Reached XP level 4. HP: 44/44 MP: 3/3
    36 | D        | Noticed Sigmund
    43 | D        | Killed Sigmund
    43 | D        | Reached skill level 9 in Unarmed Combat
    43 | D        | Reached XP level 5. HP: 35/50 MP: 4/4
    56 | D        | Found a deep blue altar of Sif Muna.
    58 | D        | Found a radiant altar of Vehumet.
    62 | D        | Reached skill level 10 in Unarmed Combat
    62 | D        | Reached XP level 6. HP: 49/59 MP: 5/5
    75 | D        | Noticed Sonja
    87 | D        | Slain by Sonja

Skill      XL: |  1  2  3  4  5 |
---------------+----------------+-----
Dodging        | 4 5 7 |  7.4
Unarmed Combat | 5 7 9 10 | 10.0
Fighting       | |  2.4
Stealth        | |  1.0

Action                   |  1- 3 |  4- 6 || total
-------------------------+-------+-------++-------
Melee: Unarmed           |    20 |    13 ||    33
       Punch             |     2 |     1 ||     3
  Use: Potion            |     1 |     2 ||     3
Armor: Robe              |     2 |     4 ||     6
Dodge: Dodged            |    10 |     9 ||    19
